 Dungeon Crawl Stone Soup version 0.22-a0-274-gf8199ec (webtiles) character file.

73 Amnesiac the Magician (level 4, -2/32 HPs)
             Began as a Mummy Wizard on Mar 13, 2018.
             Slain by a leopard gecko (4 damage)
             ... on level 3 of the Dungeon.
             The game lasted 00:04:21 (1898 turns).

Amnesiac the Magician (Mummy Wizard)                Turns: 1898, Time: 00:04:22

Health: -2/32      AC:  2    Str: 10    XL:     4   Next: 8%
Magic:  0/10       EV: 12    Int: 18    God:
Gold:   127        SH:  0    Dex: 10    Spells: 2/12 levels left

rFire    x . .     SeeInvis .   (no weapon)
rCold    + . .     Gourm    .   (no shield)
rNeg     + + +     Faith    .   a - +0 robe
rPois    ∞         Spirit   .   b - +0 hat
rElec    .         Reflect  .   (no cloak)
rCorr    .         Harm     .   (no gloves)
MR       .....                  (no boots)
Stlth    ++........             (no amulet)
HPRegen  0.10/turn              (no ring)
MPRegen  0.12/turn              (no ring)

@: no status effects
A: no food or potions, fire vulnerability, cold resistance 1, negative energy
resistance 3, torment resistance, unbreathing
a: no special abilities


You were on level 3 of the Dungeon.
You were not hungry.

You visited 1 branch of the dungeon, and saw 3 of its levels.

You collected 127 gold pieces.

Inventory:

Missiles
 i - 22 arrows
Armour
 a - a +0 robe (worn)
 b - a +0 hat (worn)
Jewellery
 g - an uncursed ring of wizardry {unknown}
Scrolls
 c - 4 scrolls of identify {!r, unknown}
 d - 3 scrolls of fog {!r, unknown}
 e - 3 scrolls of enchant weapon {!r, unknown}
 f - 4 scrolls of teleportation {!r, unknown}
 h - a scroll of amnesia {!r, unknown}
 j - a scroll of random uselessness {!r, unknown}


   Skills:
 + Level 1.5 Fighting
 * Level 2.7 Dodging
 - Level 1.5 Stealth
 + Level 4.6 Spellcasting
 - Level 1.0 Conjurations
 - Level 0.7 Summonings
 - Level 0.7 Translocations


You had 2 spell levels left.
You knew the following spells:

 Your Spells              Type           Power        Failure   Level  Hunger
a - Magic Dart            Conj           #...         10%         1    N/A
b - Call Imp              Summ           #.......     16%         2    N/A
c - Sticks to Snakes      Tmut           #.......     22%         2    N/A
s - Conjure Flame         Conj/Fire      #.......     34%         3    N/A
v - Blink                 Tloc           N/A          16%         2    N/A

Dungeon Overview and Level Annotations

Branches:
Dungeon (3/15)

Altars:

Annotations:
D:2 exclusion: door


Innate Abilities, Weirdness & Mutations

You do not eat or drink.
Your flesh is vulnerable to fire.
You are immune to poison.
Your flesh is cold resistant. (rC+)
You are immune to negative energy. (rN+++)
You are immune to unholy pain and torment.
You can survive without breathing.


Message History

Press: ? - help, Shift-Dir - straight line, f/p - worm
Aim: a worm (lightly wounded)
The magic dart hits the worm.
The worm is moderately wounded.
Casting: Magic Dart (safe; 10% risk of failure)
Confirm with . or Enter, or press ? or * to list all spells.
Aiming: Magic Dart (safe; 10% risk of failure)
Press: ? - help, Shift-Dir - straight line, f/p - worm
Aim: a worm (moderately wounded)
The magic dart hits the worm.
The worm is heavily wounded.
Casting: Magic Dart (safe; 10% risk of failure)
Confirm with . or Enter, or press ? or * to list all spells.
Aiming: Magic Dart (safe; 10% risk of failure)
Press: ? - help, Shift-Dir - straight line, f/p - worm
Aim: a worm (moderately wounded)
The magic dart hits the worm.
The worm is heavily wounded.
Casting: Magic Dart (safe; 10% risk of failure)
Confirm with . or Enter, or press ? or * to list all spells.
Aiming: Magic Dart (safe; 10% risk of failure)
Press: ? - help, Shift-Dir - straight line, f/p - worm
Aim: a worm (heavily wounded)
The magic dart hits the worm.
The worm is heavily wounded.
The worm bites you!
Casting: Magic Dart (safe; 10% risk of failure)
Confirm with . or Enter, or press ? or * to list all spells.
Aiming: Magic Dart (safe; 10% risk of failure)
Press: ? - help, Shift-Dir - straight line, f/p - worm
Aim: a worm (heavily wounded)
The magic dart hits the worm.
The worm is heavily wounded.
A leopard gecko comes into view.
Casting: Magic Dart (safe; 10% risk of failure)
Confirm with . or Enter, or press ? or * to list all spells.
Aiming: Magic Dart (safe; 10% risk of failure)
Press: ? - help, Shift-Dir - straight line, f/p - worm
Aim: a worm (heavily wounded)
The magic dart hits the worm.
The worm is severely wounded.
The leopard gecko hisses angrily.
The worm bites you!
* * * LOW HITPOINT WARNING * * *
Casting: Magic Dart (safe; 10% risk of failure)
Confirm with . or Enter, or press ? or * to list all spells.
Aiming: Magic Dart (safe; 10% risk of failure)
Press: ? - help, Shift-Dir - straight line, f/p - worm
Aim: a worm (severely wounded)
The magic dart hits the worm.
The worm is severely wounded.
The worm bites you.
* * * LOW HITPOINT WARNING * * *
The leopard gecko bites you.
* * * LOW HITPOINT WARNING * * *
Casting: Magic Dart (safe; 10% risk of failure)
Confirm with . or Enter, or press ? or * to list all spells.
Aiming: Magic Dart (safe; 10% risk of failure)
Press: ? - help, Shift-Dir - straight line, f/p - worm
Aim: a worm (severely wounded)
The magic dart hits the worm.
The worm is severely wounded.
The leopard gecko bites you.
You die...

#.#..
#.#..##############
#.#................
#.#.#########....##
#.#.#............+
####.#(#.##...#.....#
#...$#...##.#.#..####
+...w@........#..#
#...l....<#.###..#
...#.#........# #..#
. # #...)##### #..#
#....#######..#
#........(....#
#....########.#
#....# #.# #.#


You could see a worm and a leopard gecko.

Vanquished Creatures
  3 adders (D:2)
  2 leopard geckos
  2 ball pythons
  4 giant cockroaches
  8 goblins
  A hobgoblin (D:1)
  2 jackals (D:2)
  9 bats
  3 frilled lizards
  4 kobolds
  5 rats
43 creatures vanquished.

Vanquished Creatures (collateral kills)
  A worm (D:1)
1 creature vanquished.

Grand Total: 44 creatures vanquished

Notes
Turn   | Place    | Note
-------+----------+-------------------------------------------
     0 | D:1      | Amnesiac the Mummy Wizard began the quest for the Orb.
     0 | D:1      | Reached XP level 1. HP: 13/13 MP: 5/5
   194 | D:1      | Reached skill level 1 in Conjurations
   194 | D:1      | Reached XP level 2. HP: 19/20 MP: 0/7
   367 | D:1      | Learned a level 2 spell: Call Imp
   820 | D:2      | Reached skill level 1 in Fighting
   862 | D:2      | Learned a level 2 spell: Blink
   907 | D:2      | Reached XP level 3. HP: 26/26 MP: 3/8
   912 | D:2      | Learned a level 3 spell: Conjure Flame
  1408 | D:2      | Learned a level 2 spell: Sticks to Snakes
  1639 | D:2      | Reached XP level 4. HP: 32/32 MP: 3/10
  1692 | D:2      | Noticed an orc warrior
  1898 | D:3      | Slain by a leopard gecko

Vault maps used:
D:1:      dpeg_arrival_brainrot, amethyst_killhole, serial_bayou_pond_d
D:3:      first_ration, tgw_trog

Skill      XL: |  1  2 |
---------------+-------+-----
Conjurations   | 1 |  1.0
Dodging        | 2 |  2.7
Fighting       | 1 |  1.5
Stealth        | |  1.5
Spellcasting   | |  4.6
Summonings     | |  0.7
Translocations | |  0.7

Action                   |  1- 3 |  4- 6 || total
-------------------------+-------+-------++-------
Melee: Unarmed           |     6 |       ||     6
 Cast: Magic Dart        |    93 |    19 ||   112
       Call Imp          |     2 |       ||     2
Armor: Robe              |     9 |       ||     9
Dodge: Dodged            |    19 |     1 ||    20

Table legend:
 A = Spawn XP
 B = Non-spawn XP
 C = Spawn XP percentage of total XP
 D = Spawn monster count
 E = Non-spawn monster count
 F = Spawn count percentage of total count
 G = Total turns spent on level
                    A         B        C        D         E        F      G
               +---------+---------+-------+---------+---------+-------+---------
         Total |       0 |     105 |   0.0 |       0 |      44 |   0.0 |  1898
               +---------+---------+-------+---------+---------+-------+---------
           D:1 |       0 |      34 |   0.0 |       0 |      21 |   0.0 |   818
           D:2 |       0 |      67 |   0.0 |       0 |      20 |   0.0 |  1012
           D:3 |       0 |       4 |   0.0 |       0 |       3 |   0.0 |    68
               +---------+---------+-------+---------+---------+-------+---------
